AoeStats
← Ferchito

Highland

504805101Analyzed
2v2 RM · 26d ago on Sep 6, 2026· 89m 2s· 4 players
Game mode
Random Map
Map size
Medium (4 player)
Population
200
Speed
Normal
Resources
Standard
Victory
Conquest
Starting age
Dark Age
Ending age
Imperial Age
RankedLock teamsTeams togetherTeam positionsShared explorationLock speedFull tech treeHidden civsTurbo modeCheats
Victory
Defeat
🇧🇷 Turks · Brazil
557
+18
🇧🇷 Vikings · Brazil
498
+20
🇨🇷 Bohemians · Costa Rica
641
-20
🇻🇪 Sicilians · Venezuela
558
-18
Himurak3n
1:39 Loom
10:39 Feudal Age
12:57 Feudal Age
18:03 Feudal Age
19:17 Town Watch
21:31 Scale Mail Armor
24:48 Forging
33:00 Gold Mining
36:00 Double-Bit Axe
39:59 Castle Age
39:47 Stone Mining
43:13 Bow Saw
46:16 Wheelbarrow
46:05 Pikeman
50:11 Iron Casting
49:24 Horse Collar
53:06 Imperial Age
51:45 Fletching
53:35 Murder Holes
54:36 Conscription
56:40 Blast Furnace
59:54 Chemistry
59:15 Ballistics
60:04 Hand Cart
60:18 Chain Mail Armor
59:49 Cavalier
60:03 Elite Serjeant
61:51 Husbandry
61:48 Halberdier
63:24 Fervor
66:47 Hauberk
68:12 Scale Barding Armor
69:22 Caravan
69:54 Chain Barding Armor
70:28 Gold Shaft Mining
70:51 First Crusade
70:35 Bodkin Arrow
74:33 Plate Barding Armor
74:43 Bloodlines
75:19 Bracer
77:13 Plate Mail Armor
81:06 Elite Serjeant
Ferchito
6:32 Loom
10:34 Feudal Age
11:05 Double-Bit Axe
11:02 Horse Collar
22:53 Castle Age
27:12 Bow Saw
27:46 Man-at-Arms
28:17 Arson
36:31 Long Swordsman
44:37 Imperial Age
44:57 Elite Hussite Wagon
47:01 Two-Handed Swordsman
47:48 Scale Mail Armor
47:59 Forging
48:10 Masonry
47:41 Treadmill Crane
50:18 Heavy Scorpion
56:13 Champion
64:03 Iron Casting
63:45 Chain Mail Armor
69:35 Sanctity
69:36 Heresy
71:48 Redemption
72:42 Architecture
74:44 Plate Mail Armor
75:14 Blast Furnace
ʰʸᵈʳᵃ Cadu
14:48 Feudal Age
14:32 Loom
16:34 Double-Bit Axe
16:32 Horse Collar
18:18 Wheelbarrow
20:25 Man-at-Arms
22:28 Gold Mining
23:42 Forging
23:23 Fletching
26:47 Town Watch
33:41 Castle Age
36:37 Bow Saw
36:37 Caravan
37:15 Coinage
38:41 Iron Casting
38:34 Long Swordsman
41:19 Heavy Plow
41:32 Arson
41:50 Squires
49:45 Imperial Age
52:32 Two-Man Saw
52:28 Conscription
53:07 Artillery
56:32 Banking
56:24 Guilds
56:31 Guilds
61:47 Town Patrol
63:43 Hand Cart
63:24 Elite Janissary
69:26 Gold Shaft Mining
69:48 Fortified Wall
72:01 Hoardings
84:12 Blast Furnace
83:12 Scale Mail Armor
83:18 Scale Barding Armor
83:08 Bodkin Arrow
83:14 Padded Archer Armor
renault logan
12:12 Feudal Age
18:15 Double-Bit Axe
18:13 Horse Collar
21:49 Man-at-Arms
25:30 Forging
25:20 Scale Mail Armor
28:18 Castle Age
29:47 Gold Mining
29:47 Stone Mining
30:01 Heavy Plow
30:19 Bow Saw
30:59 Long Swordsman
31:25 Gambesons
32:54 Caravan
33:25 Coinage
35:10 Iron Casting
34:51 Chain Mail Armor
40:13 Chieftains
44:35 Imperial Age
44:19 Treadmill Crane
45:32 Ballistics
45:46 Conscription
45:37 Bogsveigar
44:58 Elite Berserk
47:26 Blast Furnace
46:56 Plate Mail Armor
47:08 Fletching
47:19 Padded Archer Armor
58:19 Crossbowman
58:22 Elite Skirmisher
60:22 Arbalester
63:01 Leather Archer Armor
62:41 Bodkin Arrow
Connection lost

Rejoining the realm…

Still unreachable

The connection could not be restored.

Session expired

The server has moved on; the page needs a fresh start.